 Dungeon Crawl Stone Soup version 0.27.1-33-g824d729ab1 (webtiles) character file.

Game seed: 17489927568204681899

28 austinbyrn the Shield-Bearer (level 3, -2/23 HPs)
             Began as a Gargoyle Fighter on Dec 11, 2021.
             Slain by a frilled lizard (3 damage)
             ... on level 2 of the Dungeon.
             The game lasted 00:02:07 (1444 turns).

austinbyrn the Shield-Bearer (Gargoyle Fighter)     Turns: 1444, Time: 00:02:08

Health: -2/23      AC: 13    Str: 20    XL:     3   Next: 12%
Magic:  3/3        EV:  7    Int:  8    God:
Gold:   23         SH:  9    Dex:  9    Spells: 2/2 levels left

rFire    . . .     SeeInvis .   a - +0 flail
rCold    . . .     Faith    .   c - +0 kite shield
rNeg     + . .     Spirit   .   b - +0 scale mail
rPois    ∞         Reflect  .   (no helmet)
rElec    +         Harm     .   f - +2 cloak
rCorr    .         Rampage  .   (no gloves)
Will     .....                  (no boots)
Stlth    ..........             (no amulet)
HPRegen  0.07/turn              (no ring)
MPRegen  0.08/turn              (no ring)

@: mighty, invisible
A: sickness immunity, AC +3, negative energy resistance 1, electricity
resistance, torment resistance 1, petrification resistance
a: no special abilities


You were on level 2 of the Dungeon.
You visited 1 branch of the dungeon, and saw 2 of its levels.

You collected 23 gold pieces.

Inventory:

Hand Weapons
 a - a +0 flail (weapon)
Armour
 b - a +0 scale mail (worn)
 c - a +0 kite shield (worn)
 f - a +2 cloak (worn)
Scrolls
 e - a scroll of teleportation {unknown}
 h - a scroll of vulnerability {unknown}
Potions
 g - a potion of invisibility
 i - a potion of curing {unknown}


   Skills:
 + Level 3.5 Fighting
 * Level 2.5 Maces & Flails
 + Level 3.5 Armour
 * Level 3.7 Shields


You had 2 spell levels left.
You didn't know any spells.
Your spell library was empty.

Dungeon Overview and Level Annotations

Branches:
Dungeon (2/15)

Altars:


Innate Abilities, Weirdness & Mutations

You are immune to sickness and miasma.
Your stone body is resilient. (AC +3)
You are immune to poison.
You resist negative energy. (rN+)
You are resistant to electric shocks. (rElec)
You are resistant to unholy torment.
You are immune to petrification.


Message History

You barely miss the adder. You block the adder's attack.
The adder barely misses you. The adder closely misses you.
The adder bites you but does no damage.
The frilled lizard bites you but does no damage.
You completely miss the adder. The adder bites you.
You block the adder's attack.
The frilled lizard bites you but does no damage.
The adder barely misses you. The adder bites you.
The frilled lizard barely misses you.
You miss the adder. The adder barely misses you. The adder bites you. x2
The frilled lizard barely misses you. You block the adder's attack.
You are too injured to fight recklessly!
You are too injured to fight recklessly!
You closely miss the frilled lizard. The adder barely misses you.
The adder bites you but does no damage. The frilled lizard closely misses you.
You block the adder's attack. The adder bites you but does no damage.
Your scale mail prevents you from hitting the frilled lizard.
The frilled lizard barely misses you. The adder bites you but does no damage.
The adder barely misses you.
The frilled lizard bites you but does no damage.
You block the adder's attack. x2
You feel very mighty all of a sudden.
The adder bites you but does no damage. x2
The frilled lizard bites you but does no damage.
You barely miss the frilled lizard. The adder barely misses you.
You block the adder's attack. The frilled lizard closely misses you.
The adder barely misses you. The adder bites you.
* * * LOW HITPOINT WARNING * * *
You closely miss the frilled lizard. The adder bites you.
* * * LOW HITPOINT WARNING * * *
You block the adder's attack. You block the frilled lizard's attack.
The adder bites you.
* * * LOW HITPOINT WARNING * * *
The frilled lizard bites you but does no damage.
The adder bites you but does no damage.
It was a potion of invisibility.
You fade into invisibility!
The adder closely misses you. You block the adder's attack.
The frilled lizard bites you.
You die...

#...##.#..l... .##.
..#...###.###### # ....
#..#.#.#.## # #. #..
##.##.##.#.## #
.#.#..##.......###.# #
........#..#.##.#.## #
#.......#..#.#.#.## #
#.....SS......##.# #
......l@...#.###.#######
........#..#.#........##
#.......#...†...........
#..........#.#.#.#.##.##
#.#####...÷÷.#.#.#.##.##
# #.####.#.#.#.##.## #.#
##.#.#.#.##.## #.#
#..#.#........
#.##.####.#.##


You could see 2 adders and a frilled lizard.

Vanquished Creatures
  A dart slug (D:2)
  2 endoplasms (D:1)
  A giant cockroach (D:1)
  A hobgoblin (D:1)
  4 jackals (D:1)
  A quokka (D:1)
  7 ball pythons
  5 frilled lizards (D:2)
  A goblin (D:1)
  A rat (D:2)
24 creatures vanquished.

Vanquished Creatures (others)
  2 withered plants (D:2)
2 creatures vanquished.

Grand Total: 26 creatures vanquished

Notes
Turn   | Place    | Note
-------+----------+-------------------------------------------
     0 | D:1      | austinbyrn the Gargoyle Fighter began the quest for the
                  | Orb.
     0 | D:1      | Reached XP level 1. HP: 14/14 MP: 1/1
   349 | D:1      | Found a faded altar of an unknown god.
   508 | D:1      | Reached XP level 2. HP: 19/19 MP: 2/2
  1189 | D:2      | Reached XP level 3. HP: 23/23 MP: 3/3
  1443 | D:2      | HP: 1/23 [adder (2)]
  1444 | D:2      | Slain by a frilled lizard

Illustrated notes

Levels and vault maps discovered:
D:1:      giann_wishing_wells, layout_basic, hellmonk_ecumenical_altar_blasted,
          chequers_serial_rivers_small_3, chequers_serial_rivers_micro_c
D:2:      layout_loops_ring, serial_undead, serial_undead_e, serial_undead_d,
          serial_undead_f, serial_undead_b, serial_undead_b, st_stairs_8,
          chequers_serial_rivers_room_b, minmay_lizard_pond

Action                   || total
-------------------------++-------
Melee: Flail             ||    98
  Use: Potion            ||     2
Armor: Scale mail        ||    68
Dodge: Dodged            ||    47
Block: Kite shield       ||    62
